 Dungeon Crawl Stone Soup version 0.26-a0-1107-g6118521029 (webtiles) character file.

Game seed: 9539466972720707917

613 Dracia the Distorting Demonspawn (level 7, -7/52 HPs)
             Began as a Demonspawn Abyssal Knight on Dec 16, 2020.
             Was a Believer of Lugonu.
             Mangled by an ogre
             ... wielding a cursed -1 giant club
              (16 damage)
             ... on level 3 of the Dungeon.
             The game lasted 00:05:41 (4764 turns).

Dracia the Distorting Demonspawn (DsAK)             Turns: 4764, Time: 00:05:41

Health: -7/52      AC: 13    Str: 14    XL:     7   Next: 20%
Magic:  0/20       EV:  7    Int: 16    God:    Lugonu [**....]
Gold:   169        SH:  0    Dex: 18    Spells: 6/6 levels left

rFire    . . .     SeeInvis .   a - +1 falchion
rCold    + . .     Faith    .   (no shield)
rNeg     . . .     Spirit   +   m - +1 chain mail
rPois    .         Reflect  .   n - +1 hat
rElec    .         Harm     .   j - +2 cloak
rCorr    .         Rampage  .   (no gloves)
Will     +....                  (no boots)
Stlth    ..........             G - amulet of guardian spirit
HPRegen  0.17/turn              W - ring of magical power
MPRegen  0.17/turn              D - +6 ring of dexterity (curse)

@: no status effects
A: antennae 1, clever 1, cold resistance 1, strong-willed 1, sturdy frame 1
a: Depart the Abyss, Bend Space, Renounce Religion


You were on level 3 of the Dungeon.
You worshipped Lugonu.
Lugonu was pleased with you.
You visited 1 branch of the dungeon, and saw 4 of its levels.
You visited the Abyss 1 time.

You collected 169 gold pieces.


Innate Abilities, Weirdness & Mutations

You have a pair of small antennae on your head.
Your flesh is cold resistant. (rC+)
Your movements are slightly less encumbered by armour. (ER -2)
Your mind is acute. (Int +2)
You are strong-willed. (Will+)


   Skills:
 - Level 3.0 Fighting
 * Level 6.1 Long Blades
 - Level 1.7 Armour
 - Level 0.8 Dodging
 + Level 6.2 Invocations


You had 6 spell levels left.
You didn't know any spells.
Your spell library was empty.

Inventory:

Hand Weapons
 a - a +1 falchion (weapon)
Missiles
 f - 20 poisoned darts
Armour
 b - a +1 leather armour
 j - a +2 cloak (worn)
 k - a scarf of invisibility
 m - a +1 chain mail (worn)
 n - a +1 hat (worn)
 o - a scarf of repulsion
Jewellery
 D - a cursed +6 ring of dexterity (right hand)
 G - an amulet of guardian spirit (around neck)
 W - a ring of magical power (left hand)
Wands
 l - a wand of iceblast (7)
Scrolls
 c - 2 scrolls of enchant armour
 e - 5 scrolls of identify {@r1@r1}
 g - a scroll of teleportation {unknown}
 h - 2 scrolls of enchant weapon {unknown}
 i - 3 scrolls of remove curse {@r2@r2}
Potions
 d - a potion of curing {@q1@q1}

Dungeon Overview and Level Annotations

Branches:
Dungeon (4/15)
 Temple: D:4-7

Altars:
Cheibriados
Uskayaw

#.≈≈..#≈≈......# #.#.#≈#
#.≈.♣..≈.≈.....# #.#######
##≈≈≈.≈≈≈≈≈≈##># #.#.###.#
#♣≈≈.≈.≈.#≈##.# #.[.#.#.#####
#....#..##≈##.# ###...#......
##≈≈≈#.######.#####.#.#.#.###
#####.######................
#............##..##..##.
#####.>@O...####....####
#.......## ##..## ##
#.(......## #..# ##.
##########.........###..###.(
#................#..........#
#.#######........#..........#
#(##...#<..........###))###..
#.##.#.#.#........## #..# ##.
#....#.#.#.......## ##..## ##


You could see an ogre.


Message History

The orc is severely wounded.
The ogre barely misses you.
You riposte.
You barely miss the ogre. The orc hits you but does no damage.
You closely miss the orc.
The orc is severely wounded.
The ogre hits you with a cursed -1 giant club!
* * * LOW HITPOINT WARNING * * *
The orc hits you with a +0 hand axe.
* * * LOW HITPOINT WARNING * * *
Unknown command.
The ogre hits you with a cursed -1 giant club!
* * * LOW HITPOINT WARNING * * *
There is a stone staircase leading up here.
The ogre hits you with a cursed -1 giant club.
* * * LOW HITPOINT WARNING * * *
You climb upwards.
There is a stone staircase leading down here.
Okay, then.
The ogre hits you but does no damage.
Evoke which item? (* to show all) (? for menu, Esc to quit)
Okay, then.
Okay, then.
The ogre hits you but does no damage.
You hit the ogre but do no damage.
The ogre hits you with a cursed -1 giant club!
* * * LOW HITPOINT WARNING * * *
You slash the ogre!
The ogre is moderately wounded.
The ogre hits you with a cursed -1 giant club!!
You die...

Skill      XL: |  1  2  3  4  5  6  7 |
---------------+----------------------+-----
Long Blades    | 2 3 4 5 6 |  6.1
Invocations    | 3 4 5 6 |  6.2
Fighting       | |  3.0
Armour         | |  1.7
Dodging        | |  0.8

Action                   |  1- 3 |  4- 6 |  7- 9 || total
-------------------------+-------+-------+-------++-------
Melee: Falchion          |   103 |   190 |    47 ||   340
Invok: Depart the Abyss  |     1 |       |       ||     1
  Use: Scroll            |     7 |     1 |       ||     8
       Potion            |     5 |     1 |       ||     6
 Stab: Sleeping          |     1 |       |       ||     1
Armor: Leather armour    |    43 |    23 |       ||    66
       Chain mail        |       |   110 |    25 ||   135
Dodge: Dodged            |    71 |    94 |    18 ||   183
       Rpst.: Falchion   |    23 |    27 |     9 ||    59

Levels and vault maps discovered:
D:1:      evilmike_arrival_crescent, layout_basic, minmay_hexomino_f4
D:2:      layout_loops_ring, lemuel_crystal_altar
D:3:      layout_basic, general_overflow_altar, serial_rivers,
          chequers_serial_rivers_small_a, chequers_serial_rivers_marsh,
          chequers_serial_rivers_micro_d, chequers_serial_rivers_micro_a,
          hangedman_decor_lopped, palyth_stone_intersect
D:4:      layout_cave_pools, uniq_sigmund

Notes
Turn   | Place    | Note
-------+----------+-------------------------------------------
     0 | Abyss:1  | Dracia the Demonspawn Abyssal Knight began the quest for
                  | the Orb.
     0 | Abyss:1  | Reached XP level 1. HP: 18/18 MP: 2/2
    60 | Abyss:1  | Found a corrupted altar of Lugonu.
   121 | Abyss:1  | Noticed a vampire
   122 | D:1      | You pass through the gate.
   122 | D:1      | Escaped the Abyss
   163 | D:1      | Reached skill level 2 in Long Blades
   170 | D:1      | Reached * piety under Lugonu
   254 | D:1      | Gained mutation: Your movements are slightly less
                  | encumbered by armour. (ER -2) [demonic ancestry]
   254 | D:1      | Reached XP level 2. HP: 20/24 MP: 4/4
   379 | D:1      | Reached skill level 3 in Invocations
   994 | D:1      | Gained mutation: Your flesh is cold resistant. (rC+)
                  | [demonic ancestry]
   994 | D:1      | Reached XP level 3. HP: 29/29 MP: 5/5
  1190 | D:2      | Reached skill level 3 in Long Blades
  1729 | D:2      | Found a snail-covered altar of Cheibriados.
  2402 | D:3      | Reached XP level 4. HP: 34/35 MP: 6/6
  2437 | D:3      | Reached ** piety under Lugonu
  2582 | D:3      | Reached skill level 4 in Invocations
  2811 | D:3      | Reached skill level 4 in Long Blades
  3000 | D:3      | Found a hide-covered altar of Uskayaw.
  3138 | D:3      | Reached XP level 5. HP: 41/41 MP: 8/8
  3433 | D:4      | Noticed Sigmund
  3460 | D:3      | Gained mutation: Your mind is acute. (Int +2) [potion of
                  | mutation]
  3460 | D:3      | Gained mutation: You are strong-willed. (Will+) [potion of
                  | mutation]
  3990 | D:4      | Killed Sigmund
  3991 | D:4      | Reached skill level 5 in Long Blades
  3991 | D:4      | Reached skill level 5 in Invocations
  3991 | D:4      | Reached XP level 6. HP: 36/47 MP: 10/10
  4290 | D:4      | Reached skill level 6 in Invocations
  4290 | D:4      | Gained mutation: You have a pair of small antennae on your
                  | head. [demonic ancestry]
  4290 | D:4      | Reached XP level 7. HP: 5/52 MP: 3/11
  4292 | D:4      | HP: 4/52 [bullfrog skeleton (2)]
  4295 | D:4      | Reached skill level 6 in Long Blades
  4687 | D:4      | HP: 3/52 [ogre/cursed -1 giant club (6)]
  4705 | D:4      | HP: 5/52 [ogre/cursed -1 giant club (1)]
  4764 | D:3      | Mangled by an ogre

Vanquished Creatures
  Sigmund (D:4)
  2 ogres (D:4)
  A hound (D:3)
  A bullfrog skeleton (D:4)
  2 orc priests
  An orc wizard (D:3)
  A worker ant (D:3)
  An adder (D:2)
  An ufetubus (D:3)
  2 worms
  A dart slug (D:2)
  5 leopard geckos
  13 orcs
  6 bats
  6 giant cockroaches
  7 hobgoblins
  12 jackals
  9 kobolds
  A ball python (D:3)
  2 frilled lizards
  6 goblins
  10 rats
91 creatures vanquished.

Table legend: (Time is in decaauts)
 A = Elapsed time spent in this place.
 B = Non-inter-level travel time spent in this place.
 C = Inter-level travel time spent in this place.
 D = Time resting spent in this place.
 E = Time spent auto-exploring this place.
 F = Levels seen in this place.
 G = Mean time per level.
                   A        B        C        D        E       F      G
               +--------+--------+--------+--------+--------+-----+--------+
         Total |   4822 |   4702 |    120 |   1302 |   2587 |   5 |  964.4 |
       Dungeon |   4700 |   4580 |    120 |   1302 |   2469 |   4 | 1175.0 |
         Abyss |    122 |    122 |      0 |      0 |    118 |   1 |  122.0 |
               +--------+--------+--------+--------+--------+-----+--------+

Top non-repeatable levels by time:
     D:3: 1646 daAuts
     D:2: 1227 daAuts
     D:1: 1050 daAuts
     D:4: 777 daAuts
 Abyss:1: 122 daAuts

Table legend:
 A = Non-vault XP
 B = Vault XP
 C = Vault XP percentage of total XP
 D = Non-vault monster count
 E = Vault monster count
 F = Vault count percentage of total count
                 A         B        C        D         E       F
            +---------+---------+-------+---------+---------+-------
      Total |     657 |     220 |  25.1 |      85 |       6 |   6.6
            +---------+---------+-------+---------+---------+-------
        D:1 |      33 |       8 |  19.5 |      19 |       5 |  20.8
        D:2 |      51 |       0 |   0.0 |      18 |       0 |   0.0
        D:3 |     244 |       0 |   0.0 |      40 |       0 |   0.0
        D:4 |     329 |     212 |  39.2 |       8 |       1 |  11.1
            +---------+---------+-------+---------+---------+-------
